 Dungeon Crawl Stone Soup version 0.30-a0-393-g54b8e3be05 (webtiles) character file.

Game seed: 2724008917723258261

2722 bande the Chopper (level 9, -16/55 HPs)
             Began as a Gargoyle Fighter on Dec 6, 2022.
             Was a Believer of Okawaru.
             Demolished by a shadow (31 damage)
             ... on level 7 of the Dungeon.
             The game lasted 00:11:52 (7589 turns).

bande the Chopper (Gargoyle Fighter)                Turns: 7589, Time: 00:11:54

Health: -16/55     AC: 18    Str: 20    XL:     9   Next: 66%
Magic:  12/12      EV:  6    Int:  9    God:    Okawaru [**....]
Gold:   460        SH: 15    Dex: 13    Spells: 8/8 levels left

rFire   . . .      SeeInvis .    l - +3 war axe (venom)
rCold   . . .      Faith    .    x - +0 kite shield
rNeg    + . .      Spirit   .    j - +0 chain mail
rPois   ∞          Reflect  +    (no helmet)
rElec   +          Harm     .    (no cloak)
rCorr   .          Rampage  .    (no gloves)
Will    .....                    v - +0 pair of boots
Stlth   ..........               m - amulet of reflection
HPRegen 0.29/turn                (no ring)
MPRegen 0.13/turn                (no ring)

@: no status effects
A: sickness immunity, AC +6, negative energy resistance 1, electricity
resistance, torment resistance 1, petrification resistance
a: Renounce Religion, Heroism


You were on level 7 of the Dungeon.
You worshipped Okawaru.
Okawaru was pleased with you.
You visited 2 branches of the dungeon, and saw 8 of its levels.
You also visited: Sewer.

You collected 460 gold pieces.

Inventory:

Hand Weapons
 a - a +0 war axe
 l - a +3 war axe of venom (weapon)
 w - a +0 hand axe of flaming
Armour
 j - a +0 chain mail (worn)
 v - a +0 pair of boots (worn)
 x - a +0 kite shield (worn)
Jewellery
 h - an amulet of the acrobat
 m - an amulet of reflection (around neck)
 A - a ring of resist corrosion
Wands
 d - a wand of flame (19)
 y - a wand of roots (9)
Scrolls
 f - 4 scrolls of blinking
 g - 3 scrolls of poison
 k - 2 scrolls of amnesia
 o - a scroll of brand weapon
 q - a scroll of identify
 s - 2 scrolls of enchant weapon
Potions
 b - a potion of curing
 e - 2 potions of brilliance {unknown}
 i - 2 potions of mutation
 n - 3 potions of degeneration {unknown}
 p - 2 potions of haste {unknown}
 r - a potion of resistance {unknown}
 t - 4 potions of heal wounds {unknown}
 u - a potion of magic {unknown}
 z - a potion of invisibility {unknown}


   Skills:
 + Level 5.8 Fighting
 + Level 7.8 Axes
 + Level 7.1 Armour
 + Level 6.3 Shields
 * Level 4.6 Invocations


You had 8 spell levels left.
You didn't know any spells.
Your spell library contained the following spells:

 Spells                   Type           Power      Damage    Failure   Level
 Ozocubu's Armour         Ice            0%         N/A       100%        3
 Passage of Golubria      Tloc           0%         N/A       100%        4
 Metabolic Englaciation   Hex/Ice        0%         N/A       100%        5
 Yara's Violent Unravell  Hex/Tmut       0%         3d3       100%        5
 Tukima's Dance           Hex            Unusable   N/A       N/A         3
 Simulacrum               Ice/Necr       Unusable   N/A       N/A         6

Dungeon Overview and Level Annotations

Branches:
Dungeon (7/15)             Temple (1/1) D:4           Sewer (visited)

Altars:
Fedhas
Gozag
Hepliaklqana
Kikubaaqudgha
Nemelex Xobeh
Okawaru
Ru
Sif Muna
Trog
Uskayaw
Vehumet
Wu Jian

Shops:
D:4 *   D:5 *

Annotations:
D:4 1 transporter


Innate Abilities, Weirdness & Mutations

You are immune to sickness and miasma.
Your stone body is resilient. (AC +6)
You are immune to poison.
You resist negative energy. (rN+)
You are resistant to electric shocks. (rElec)
You are resistant to unholy torment.
You are immune to petrification.


Message History

x - a +0 kite shield You start removing your armour.
You continue taking off your +0 buckler. x4
You finish taking off your +0 buckler.
You start putting on your armour.
You continue putting on your +0 kite shield. x5
You finish putting on your +0 kite shield.
You drop a +0 buckler.
HP restored.
Found a spear.
Found a stone staircase leading down.
There is a stone staircase leading down here.
You see here a +0 robe.
There is an open door here.
There is an open door here.
Things that are here:
a +1 halberd of distortion; a gnoll corpse
Things that are here:
a +0 whip; a +0 spear A cyclops comes into view.
The cyclops shouts!
A cyclops is nearby!
Found a scroll of vulnerability.
A shadow comes into view.
The cyclops hits you!!
You hit the cyclops.
The cyclops is poisoned.
The cyclops is lightly wounded.
The shadow slips into darkness.
The shadow flickers and vanishes!
Deactivating autopickup; reactivate with Ctrl-A.
The cyclops barely misses you.
You hit the cyclops.
The cyclops looks as sick as possible!
The cyclops is lightly wounded.
You slash the cyclops!
The cyclops looks as sick as possible!
The cyclops is heavily wounded.
You miss something. The cyclops hits you!!
* * * LOW HITPOINT WARNING * * *
The shadow strikes at you from the darkness!
Ouch! That really hurt!
You die...

.........[)..'...
#.##.#..)####...
#........# ##..
##.......# ##.
#.#.###.# ##
#.#..##.# #
########.##.#
##?#.#.#..##.#
#.C@#.###.##)#
##### #.####.#..#
.# #.... #
#.###.# #.##§
##.#..######.###
##.#.#.......##
###.######..##
..# #.... .##
#.### # #.♣♣♣


You could see a cyclops (extremely poisoned).

Vanquished Creatures
  Maggie (D:7)
  2 water moccasins
  2 ice beasts (D:5)
  An ogre (D:5)
  2 phantoms
  2 kobold brigands (Sewer)
  2 bullfrogs
  A gnoll sergeant (D:7)
  4 scorpions
  A howler monkey (D:5)
  5 hounds
  6 orc priests
  A jelly (D:5)
  A gnoll bouda (D:6)
  7 iguanas
  9 orc wizards
  16 gnolls
  7 adders
  8 river rats (Sewer)
  3 ufetubi
  2 worms
  A dart slug (D:5)
  18 orcs
  4 endoplasms
  7 goblins
  3 hobgoblins
  4 jackals (D:1)
  23 kobolds
  A quokka (D:3)
  11 ball pythons
  5 bats
  6 frilled lizards
  16 rats
182 creatures vanquished.

Notes
Turn   | Place    | Note
-------+----------+-------------------------------------------
     0 | D:1      | bande the Gargoyle Fighter began the quest for the Orb.
     0 | D:1      | Reached XP level 1. HP: 14/14 MP: 1/1
   181 | D:1      | Reached XP level 2. HP: 18/19 MP: 2/2
   712 | D:1      | Reached XP level 3. HP: 23/23 MP: 3/3
  1032 | D:2      | Found a faded altar of an unknown god.
  1470 | D:3      | Reached XP level 4. HP: 13/29 MP: 4/4
  1862 | D:3      | Reached XP level 5. HP: 33/33 MP: 5/5
  1869 | D:3      | Found a glowing drain.
  1879 | Sewer    | Entered a sewer
  1916 | Sewer    | Noticed a kobold brigand
  1922 | Sewer    | Killed a kobold brigand
  1979 | Sewer    | Reached XP level 6. HP: 27/38 MP: 6/6
  2783 | D:3      | Found an opulent altar of Gozag.
  2822 | D:3      | Reached XP level 7. HP: 44/44 MP: 7/7
  2855 | D:3      | Found a hazy altar of Hepliaklqana.
  2856 | D:3      | Found a faded altar of an unknown god.
  2862 | D:3      | Reached skill level 5 in Axes
  3467 | D:4      | Reached skill level 5 in Armour
  3719 | D:4      | Found Zaar Cyug's Assorted Antiques.
  3838 | D:4      | Found a sparkling altar of Nemelex Xobeh.
  3838 | D:4      | Found a transporter.
  3923 | D:4      | Found a staircase to the Ecumenical Temple.
  4099 | Temple   | Entered the Ecumenical Temple
  4134 | Temple   | Became a worshipper of Warmaster Okawaru
  4293 | D:5      | Entered Level 5 of the Dungeon
  4322 | D:4      | Reached skill level 1 in Invocations
  4322 | D:4      | Reached XP level 8. HP: 39/48 MP: 8/8
  4562 | D:5      | Reached skill level 5 in Shields
  4884 | D:5      | Reached skill level 5 in Fighting
  4891 | D:5      | Reached * piety under Okawaru
  5178 | D:5      | Found Zusyoh's Assorted Antiques.
  5318 | D:5      | Found a shimmering blue altar of Sif Muna.
  5431 | D:5      | Reached XP level 9. HP: 36/54 MP: 11/11
  6018 | D:5      | Reached ** piety under Okawaru
  7105 | D:7      | Noticed Maggie
  7105 | D:7      | Found an ornate altar of the Wu Jian Council.
  7119 | D:7      | Killed Maggie
  7585 | D:7      | Noticed a cyclops
  7589 | D:7      | Demolished by a shadow

Illustrated notes

Levels and vault maps discovered:
D:1:      lightli_arrival_statuegarden, layout_basic, chequers_avenue,
          minmay_pentomino_x2
D:2:      layout_basic, shapermc_ecumenical_altar_mp_highgroup
D:3:      layout_loops_corners, nicolae_gozag_seed_capital,
          beargit_hepliaklqana_dungeon_heroes, cheibrodos_sewer_entry_sluice,
          minmay_misc_feat_nine_boxes, kennysheep_generic_room_10
D:4:      layout_loops_ring, grunt_nemelex_the_gamble, temple_green,
          serial_shops, shop
D:5:      minmay_chambers_of_threes, layout_gridville, lemuel_blue_sif_altar,
          serial_shops, nicolae_shop_hallway_stairs, minmay_misc_feat_tiny
D:6:      layout_gridville
D:7:      layout_loops_corners, mainiacjoe_overflow_alcove_1,
          minmay_small_thing, uniq_maggie
Temple:   cyrus_temple_forest

Skill      XL: |  1  2  3  4  5  6  7  8  9 |
---------------+----------------------------+-----
Axes           | 2 3 4 5 6 7 |  7.8
Fighting       | 4 5 |  5.8
Armour         | 4 5 6 7 |  7.1
Shields        | 4 5 6 |  6.3
Invocations    | 1 3 4 |  4.6

Action                   |  1- 3 |  4- 6 |  7- 9 || total
-------------------------+-------+-------+-------++-------
Melee: War axe           |    88 |   119 |   233 ||   440
  Use: Scroll            |     8 |     2 |     4 ||    14
       Potion            |       |       |     7 ||     7
Armor: Scale mail        |    14 |       |       ||    14
       Chain mail        |    31 |    56 |   193 ||   280
Dodge: Dodged            |    37 |    40 |    92 ||   169
Block: Buckler           |    22 |    71 |   151 ||   244
       Reflection        |       |       |     7 ||     7

Table legend: (Time is in decaauts)
 A = Elapsed time spent in this place.
 B = Non-inter-level travel time spent in this place.
 C = Inter-level travel time spent in this place.
 D = Time resting spent in this place.
 E = Time spent auto-exploring this place.
 F = Levels seen in this place.
 G = Mean time per level.
                   A        B        C        D        E       F      G
               +--------+--------+--------+--------+--------+-----+--------+
         Total |   7743 |   7656 |     87 |   1552 |   4584 |   9 |  860.3 |
       Dungeon |   7005 |   6918 |     87 |   1511 |   4162 |   7 | 1000.7 |
        Temple |     69 |     69 |      0 |      0 |      0 |   1 |   69.0 |
         Sewer |    668 |    668 |      0 |     41 |    421 |   1 |  668.0 |
               +--------+--------+--------+--------+--------+-----+--------+

Top non-repeatable levels by time:
     D:5: 1736 daAuts
     D:4: 1226 daAuts
     D:3: 1176 daAuts
     D:6: 952 daAuts
     D:1: 901 daAuts
   Sewer: 668 daAuts
     D:2: 525 daAuts
     D:7: 486 daAuts
  Temple: 69 daAuts
